[Event "71 Mistrzostwa KPZSZACH Torun 2018"]
[Site "?"]
[Date "2018.08.18"]
[Round "7"]
[White "Zolnierowicz, Krzysztof"]
[Black "Cichocki, Konrad"]
[Result "1-0"]
[ECO "C65"]
[WhiteElo "2023"]
[BlackElo "1829"]
[PlyCount "57"]
[TimeControl "240+2"]

{600MB, Shredder10.ctg} 1. e4 e5 2. Nf3 Nc6 3. Bb5 Nf6 4. d3 Bc5 5. O-O d6 6.
c3 Bb6 7. Nbd2 O-O 8. Nc4 h6 9. Nxb6 axb6 10. h3 Be6 11. a3 Na5 12. Ba4 b5 13.
Bc2 c5 14. d4 Qc7 15. d5 Bd7 16. b3 b6 17. Rb1 Rfc8 18. Be3 b4 19. axb4 cxb4
20. c4 b5 21. c5 dxc5 22. d6 Qb8 23. Nxe5 Ra6 24. Nxf7 Be6 25. Nxh6+ gxh6 26.
e5 Rf8 27. Bxh6 Nh7 28. Qd3 Rf5 29. Qg3+ 1-0

[Event "71 Mistrzostwa KPZSZACH Torun 2018"]
[Site "?"]
[Date "2018.08.18"]
[Round "7"]
[White "Jarzebowski, Kacper"]
[Black "Wielosz, Jaroslaw"]
[Result "1-0"]
[ECO "E17"]
[WhiteElo "2057"]
[BlackElo "2025"]
[PlyCount "103"]
[TimeControl "240+2"]

{600MB, Shredder10.ctg} 1. d4 Nf6 2. c4 e6 3. Nf3 b6 4. g3 Bb7 5. Bg2 Be7 6.
O-O O-O 7. Nbd2 d5 8. b3 Nbd7 9. Bb2 c5 10. Qc2 Rc8 11. dxc5 Bxc5 12. Rad1 b5
13. Qb1 bxc4 14. bxc4 Qb6 15. Bxf6 Nxf6 16. Qxb6 Bxb6 17. cxd5 Bxd5 18. Nb3 Rc2
19. Nfd4 Rxa2 20. Bxd5 Nxd5 21. Ra1 Rxa1 22. Rxa1 g5 23. Nc6 Ra8 24. Nba5 Kf8
25. Nc4 Rc8 26. Nxb6 axb6 27. Ne5 Rc7 28. Ra8+ Ke7 29. Rb8 Kd6 30. Nf3 g4 31.
Nd4 Kc5 32. e3 e5 33. Nb3+ Kc4 34. Nd2+ Kd3 35. Rd8 Kxd2 36. Rxd5+ Ke2 37. Rxe5
Rc5 38. Re7 f5 39. e4 Kf3 40. h3 gxh3 41. exf5 h2+ 42. Kxh2 Kxf2 43. g4 Kf3 44.
Kh3 Rc1 45. Kh4 Kf4 46. Kh3 Rc3+ 47. Kh4 Rc1 48. Kh3 Rh1+ 49. Kg2 Rc1 50. f6
Rc6 51. f7 Rf6 52. Re2 1-0

[Event "71 Mistrzostwa KPZSZACH Torun 2018"]
[Site "?"]
[Date "2018.08.18"]
[Round "7"]
[White "Kopaczewski, Adam"]
[Black "Ludwinski, Daniel"]
[Result "1-0"]
[ECO "B34"]
[WhiteElo "1980"]
[BlackElo "1814"]
[PlyCount "59"]
[TimeControl "240+2"]

{600MB, Shredder10.ctg} 1. e4 c5 2. Nf3 g6 3. d4 cxd4 4. Nxd4 Nc6 5. Be3 Nf6 6.
f3 Qa5+ 7. Nc3 Bg7 8. Nb3 Qd8 9. Qd2 d6 10. g4 Ne5 11. Be2 Be6 12. g5 Nfd7 13.
Nd4 Qa5 14. Nxe6 fxe6 15. Bd4 O-O 16. f4 Nc6 17. Bxg7 Kxg7 18. h4 Qb4 19. O-O-O
Rac8 20. h5 Nc5 21. a3 Qa5 22. Rh3 a6 23. Rdh1 Rh8 24. Bf3 b5 25. Qh2 Qd8 26.
hxg6 hxg6 27. Rh7+ Rxh7 28. Qxh7+ Kf8 29. Qh8+ Kf7 30. Rh7# 1-0

[Event "71 Mistrzostwa KPZSZACH Torun 2018"]
[Site "?"]
[Date "2018.08.18"]
[Round "7"]
[White "Szymanski, Jan"]
[Black "Zielinski, Olgierd"]
[Result "1-0"]
[ECO "B33"]
[WhiteElo "1708"]
[BlackElo "1867"]
[PlyCount "77"]
[TimeControl "240+2"]

{600MB, Shredder10.ctg} 1. e4 c5 2. Nf3 Nc6 3. d4 cxd4 4. Nxd4 Qb6 5. Nb3 Nf6
6. Nc3 e6 7. Be3 Qc7 8. a3 a6 9. Be2 b5 10. O-O Be7 11. f4 d6 12. Qe1 O-O 13.
Qg3 b4 14. axb4 Nxb4 15. e5 Ne8 16. Rac1 Bb7 17. f5 exf5 18. Rxf5 dxe5 19. Rh5
f5 20. Qf2 g6 21. Bb6 Qc8 22. Rh3 Nd5 23. Nxd5 Bxd5 24. c4 Be6 25. c5 Nf6 26.
Qf1 Ne4 27. Bc4 Kg7 28. Qd3 Ng5 29. Re3 e4 30. Qc2 Bxc4 31. Qxc4 f4 32. Rxe4
Nxe4 33. Qxe4 Bf6 34. c6 Qe8 35. Qc4 Qf7 36. Qc2 Rab8 37. Bc5 Qxb3 38. Qxb3
Rxb3 39. Bxf8+ 1-0

[Event "71 Mistrzostwa KPZSZACH Torun 2018"]
[Site "?"]
[Date "2018.08.18"]
[Round "7"]
[White "Bartosik, Piotr"]
[Black "Augustowski, Janusz"]
[Result "1-0"]
[ECO "B33"]
[WhiteElo "1899"]
[BlackElo "1778"]
[PlyCount "51"]
[TimeControl "240+2"]

{600MB, Shredder10.ctg} 1. e4 c5 2. Nf3 Nc6 3. d4 cxd4 4. Nxd4 e5 5. Nb5 d6 6.
N1c3 a6 7. Na3 b5 8. Nd5 Nf6 9. Bg5 Be7 10. Bxf6 Bxf6 11. Bd3 Bg5 12. O-O O-O
13. c4 Nd4 14. cxb5 axb5 15. Nxb5 Nxb5 16. Bxb5 f5 17. exf5 Bxf5 18. a4 Rc8 19.
a5 Rc5 20. Qa4 Be6 21. Nb6 Qc7 22. Nd7 Rf4 23. Nxc5 Qxc5 24. b4 Rxb4 25. Bc4
Kf7 26. Qd7+ 1-0

[Event "71 Mistrzostwa KPZSZACH Torun 2018"]
[Site "?"]
[Date "2018.08.18"]
[Round "7"]
[White "Sivickis, Wiktoria"]
[Black "Blajet, Radoslaw"]
[Result "0-1"]
[ECO "B08"]
[WhiteElo "1653"]
[BlackElo "1708"]
[PlyCount "90"]
[TimeControl "240+2"]

{600MB, Shredder10.ctg} 1. Nf3 Nf6 2. d4 d6 3. Nc3 g6 4. e4 Bg7 5. Bc4 O-O 6.
O-O Nc6 7. h3 Nxe4 8. Bxf7+ Rxf7 9. Nxe4 Bf5 10. Re1 Bxe4 11. Rxe4 Qf8 12. c3
e5 13. Qb3 Kh8 14. Qxb7 d5 15. Re2 e4 16. Nh2 Qe8 17. Qb3 Qd7 18. Be3 Na5 19.
Qc2 Nc4 20. Nf1 Raf8 21. b3 Nd6 22. Ng3 h5 23. Bg5 Bf6 24. Qd2 Qd8 25. Bxf6+
Qxf6 26. Rc1 Kg7 27. c4 h4 28. Nf1 Nf5 29. Rd1 c6 30. c5 g5 31. Ne3 Nh6 32. b4
Kg6 33. Rf1 Qe6 34. Qd1 g4 35. hxg4 Nxg4 36. Nxg4 Qxg4 37. Rd2 Rf3 38. Kh2 Qf4+
39. Kg1 Rg8 40. gxf3 Kf6+ 41. Kh1 Qf5 42. Kh2 Qf4+ 43. Kh1 exf3 44. Rg1 Rxg1+
45. Kxg1 Qg4+ 0-1

[Event "71 Mistrzostwa KPZSZACH Torun 2018"]
[Site "?"]
[Date "2018.08.18"]
[Round "7"]
[White "Czarkowski, Tomasz"]
[Black "Muzalewski, Slawomir"]
[Result "1/2-1/2"]
[ECO "D37"]
[WhiteElo "1820"]
[BlackElo "1442"]
[PlyCount "62"]
[TimeControl "240+2"]

{600MB, Shredder10.ctg} 1. d4 d5 2. c4 e6 3. Nc3 Nf6 4. Bf4 a6 5. e3 Be7 6. Nf3
O-O 7. Qc2 Nbd7 8. Rc1 dxc4 9. Bxc4 b5 10. Bd3 c5 11. Ne5 Bb7 12. Nxd7 Qxd7 13.
dxc5 Bxc5 14. a3 Rac8 15. Be5 h6 16. Bxf6 gxf6 17. Rd1 Qc7 18. Be4 b4 19. Bxb7
Qxb7 20. Qe4 Qe7 21. axb4 Bxb4 22. Rc1 Bxc3+ 23. bxc3 Qa3 24. O-O Rxc3 25. Ra1
Qd6 26. Rfd1 Qc6 27. Qd4 e5 28. Qg4+ Kh7 29. Qf5+ Kg7 30. Qg4+ Kh7 31. Qf5+ Kg7
1/2-1/2

[Event "71 Mistrzostwa KPZSZACH Torun 2018"]
[Site "?"]
[Date "2018.08.18"]
[Round "8"]
[White "Szymanski, Jan"]
[Black "Gawronski, Miroslaw"]
[Result "0-1"]
[ECO "B12"]
[WhiteElo "1708"]
[BlackElo "2026"]
[PlyCount "120"]
[TimeControl "240+2"]

{600MB, Shredder10.ctg} 1. e4 c6 2. d4 d5 3. Nc3 a6 4. Nf3 Bg4 5. h3 Bxf3 6.
Qxf3 dxe4 7. Nxe4 Qxd4 8. Bd3 Nd7 9. O-O Ne5 10. Qe2 Nxd3 11. cxd3 e6 12. Be3
Qd7 13. f4 Rd8 14. Rad1 Be7 15. Bb6 Rc8 16. Kh1 Nf6 17. Nxf6+ Bxf6 18. f5 O-O
19. fxe6 fxe6 20. Rfe1 Rce8 21. d4 Bh4 22. Rf1 Rxf1+ 23. Rxf1 Qd5 24. Qg4 Qg5
25. Qe4 Qb5 26. Qf3 Bf6 27. Bc7 Qd5 28. Be5 Qxf3 29. Rxf3 Kf7 30. Rb3 Re7 31.
Kg1 Kg6 32. Rg3+ Kf7 33. Rf3 Rd7 34. Kf2 Ke7 35. Bxf6+ gxf6 36. Ke3 Rd5 37. h4
Rh5 38. g3 Ra5 39. a3 Rb5 40. Rf2 Rb3+ 41. Kf4 Rd3 42. Kg4 f5+ 43. Kg5 Rxg3+
44. Kh6 Rg4 45. h5 Rh4 46. Rg2 Kf6 47. Rg8 Rxd4 48. Rg7 b5 49. Kxh7 Rg4 50. h6
Rd4 51. Kh8 Rh4 52. h7 c5 53. Kg8 e5 54. h8=Q Rxh8+ 55. Kxh8 e4 56. Ra7 e3 57.
Rxa6+ Ke5 58. b4 f4 59. bxc5 f3 60. Ra8 f2 0-1

[Event "71 Mistrzostwa KPZSZACH Torun 2018"]
[Site "?"]
[Date "2018.08.18"]
[Round "8"]
[White "Sliwicki, Damian"]
[Black "Zolnierowicz, Krzysztof"]
[Result "1/2-1/2"]
[ECO "B90"]
[WhiteElo "2220"]
[BlackElo "2023"]
[PlyCount "111"]
[TimeControl "240+2"]

{600MB, Shredder10.ctg} 1. e4 c5 2. Nf3 d6 3. d4 Nf6 4. Nc3 cxd4 5. Nxd4 a6 6.
Nb3 e6 7. g4 b5 8. a3 Bb7 9. Bg2 h6 10. Be3 Nbd7 11. Qe2 Rc8 12. h3 Be7 13. Rg1
Ba8 14. f4 Rxc3 15. bxc3 Nxe4 16. Bxe4 Bxe4 17. a4 Qc7 18. Bd4 Bh4+ 19. Kd2 d5
20. axb5 Qxf4+ 21. Be3 Qc7 22. bxa6 Bf6 23. a7 Qxc3+ 24. Kd1 Ke7 25. a8=Q Rxa8
26. Rxa8 d4 27. Ra2 d3 28. cxd3 Bxd3 29. Qb2 Qxb2 30. Rxb2 Bxb2 31. Kd2 Bc4 32.
Nd4 Bd5 33. Rb1 Ba3 34. Nb5 Bc5 35. Nc3 Bg2 36. Bxc5+ Nxc5 37. h4 Ne4+ 38. Nxe4
Bxe4 39. Rb4 f5 40. Ke3 Kf6 41. Rb8 Bd5 42. gxf5 exf5 43. Kd4 Be6 44. Rf8+ Ke7
45. Rh8 Kf6 46. Ke3 Ke5 47. Rf8 g5 48. Rh8 f4+ 49. Kd2 gxh4 50. Rxh6 h3 51. Ke2
Bg4+ 52. Kf2 Ke4 53. Rh8 Kf5 54. Rg8 Bd1 55. Rg7 Bc2 56. Rg8 1/2-1/2

[Event "71 Mistrzostwa KPZSZACH Torun 2018"]
[Site "?"]
[Date "2018.08.18"]
[Round "8"]
[White "Jarzebowski, Kacper"]
[Black "Kopaczewski, Adam"]
[Result "1/2-1/2"]
[ECO "A04"]
[WhiteElo "2220"]
[BlackElo "1980"]
[PlyCount "60"]
[TimeControl "240+2"]

{600MB, Shredder10.ctg} 1. d3 e5 2. Nf3 Nc6 3. g3 f5 4. Bg2 Nf6 5. O-O Be7 6.
e4 d6 7. Nc3 O-O 8. Re1 fxe4 9. dxe4 Qe8 10. Nd5 Bd8 11. Bg5 Qf7 12. Bxf6 Bxf6
13. c3 Be6 14. Ne3 Bxa2 15. Nd5 Bxd5 16. exd5 Nb8 17. Nd2 Nd7 18. b4 Bg5 19.
Ne4 Bh6 20. Qc2 Nf6 21. c4 g6 22. Ra2 Nxe4 23. Bxe4 a6 24. Rea1 Rab8 25. Kg2
Qd7 26. h3 Rf6 27. Qd3 Rbf8 28. Rf1 Kg7 29. Qe2 Kg8 30. Qd3 Kg7 1/2-1/2

[Event "71 Mistrzostwa KPZSZACH Torun 2018"]
[Site "?"]
[Date "2018.08.18"]
[Round "8"]
[White "Blajet, Radoslaw"]
[Black "Wielosz, Jaroslaw"]
[Result "0-1"]
[ECO "C90"]
[WhiteElo "1708"]
[BlackElo "2025"]
[PlyCount "69"]
[TimeControl "240+2"]

{600MB, Shredder10.ctg} 1. e4 e5 2. Nf3 Nc6 3. Bb5 a6 4. Ba4 Nf6 5. d3 b5 6.
Bb3 Be7 7. O-O d6 8. c3 O-O 9. Re1 Na5 10. Bc2 c5 11. Nbd2 Nc6 12. Nf1 Re8 13.
Ng3 Bf8 14. Bg5 h6 15. Be3 d5 16. d4 exd4 17. cxd4 dxe4 18. Ne5 Nxd4 19. Bxd4
Qxd4 20. Nc6 Qxd1 21. Raxd1 Bb7 22. Na5 Bd5 23. a3 Rad8 24. h3 c4 25. b4 cxb3
26. Nxb3 Bxb3 27. Rxd8 Rxd8 28. Bxb3 Rd3 29. Bc2 Rxa3 30. Nxe4 Nxe4 31. Bxe4 b4
32. Bd5 a5 33. Rb1 Rd3 34. Bb3 Rxb3 35. Rxb3 0-1

[Event "71 Mistrzostwa KPZSZACH Torun 2018"]
[Site "?"]
[Date "2018.08.18"]
[Round "8"]
[White "Zielinski, Olgierd"]
[Black "Bartosik, Piotr"]
[Result "1/2-1/2"]
[ECO "B31"]
[WhiteElo "1867"]
[BlackElo "1899"]
[PlyCount "77"]
[TimeControl "240+2"]

{600MB, Shredder10.ctg} 1. e4 c5 2. Nf3 Nc6 3. Bb5 g6 4. Bxc6 dxc6 5. O-O Bg7
6. c3 e5 7. Na3 Be6 8. d3 h6 9. Be3 Qe7 10. Qa4 f5 11. Qa5 b6 12. Qa4 Bd7 13.
exf5 gxf5 14. Rfe1 Kf7 15. Bf4 b5 16. Qc2 Rd8 17. Bxe5 Nf6 18. h3 Be6 19. c4 a6
20. Rad1 Rhg8 21. d4 cxd4 22. Nxd4 b4 23. Nb1 Ne4 24. Bxg7 Rxg7 25. Nxe6 Qxe6
26. f3 Rxg2+ 27. Qxg2 Rg8 28. Qxg8+ Kxg8 29. fxe4 fxe4 30. Re3 Qxc4 31. Rde1
Qxa2 32. Rxe4 Qxb2 33. Rg4+ Kf7 34. Rf4+ Kg7 35. Ref1 a5 36. Rg4+ Kh7 37. Rg2
Qd4+ 38. Kh2 a4 39. Rf7+ 1/2-1/2

[Event "71 Mistrzostwa KPZSZACH Torun 2018"]
[Site "?"]
[Date "2018.08.18"]
[Round "8"]
[White "Cichocki, Konrad"]
[Black "Muzalewski, Slawomir"]
[Result "1-0"]
[ECO "D37"]
[WhiteElo "1829"]
[BlackElo "1442"]
[PlyCount "149"]
[TimeControl "240+2"]

{600MB, Shredder10.ctg} 1. d4 d5 2. Nf3 e6 3. c4 Nf6 4. Nc3 Be7 5. Bf4 a6 6. e3
O-O 7. Qc2 Nbd7 8. Bd3 dxc4 9. Bxc4 b5 10. Bd3 h6 11. O-O c5 12. Ne5 Bb7 13.
Qe2 c4 14. Bc2 Rc8 15. a3 Nxe5 16. Bxe5 Bd6 17. f4 Bxe5 18. fxe5 Nd5 19. Ne4
Rc7 20. Rf3 Ne7 21. Rh3 Bxe4 22. Bxe4 f5 23. exf6 Rxf6 24. Rf3 Nd5 25. Raf1
Rcf7 26. Bb1 Rxf3 27. Rxf3 Rxf3 28. Qxf3 Qg5 29. Kf2 Qf6 30. Qxf6 gxf6 31. e4
Nb6 32. Ke3 Na4 33. d5 e5 34. Kd2 Kf7 35. Kc1 Nc5 36. Bc2 a5 37. Kd2 Ke7 38.
Kc3 Na6 39. a4 bxa4 40. Kxc4 Kd6 41. Bxa4 Nb4 42. g4 Kc7 43. Bd1 Kb6 44. Be2
Nc2 45. Kc3 Nb4 46. Kb3 Kc5 47. Ka4 Kb6 48. Bb5 Nc2 49. d6 Nd4 50. Bd7 Kc5 51.
Kxa5 Kxd6 52. Bf5 Nf3 53. h3 Nd4 54. Kb4 Kc6 55. Kc4 Kd6 56. b4 Kc6 57. Bg6 Ne6
58. Be8+ Kd6 59. b5 Nc7 60. Bf7 Ke7 61. b6 Na6 62. Kb5 Nb8 63. Bg6 Kd6 64. Bf5
Ke7 65. b7 Kd6 66. Kb6 Nc6 67. Bh7 Nb8 68. Bg8 Nd7+ 69. Ka7 Kc7 70. Bd5 Nb8 71.
Bb3 Nc6+ 72. Ka8 Nb8 73. Ba4 Na6 74. Ka7 Nb8 75. Bb5 1-0

[Event "71 Mistrzostwa KPZSZACH Torun 2018"]
[Site "?"]
[Date "2018.08.18"]
[Round "8"]
[White "Ludwinski, Daniel"]
[Black "Sivickis, Wiktoria"]
[Result "0-1"]
[ECO "B12"]
[WhiteElo "1814"]
[BlackElo "1653"]
[PlyCount "78"]
[TimeControl "240+2"]

{600MB, Shredder10.ctg} 1. e4 c6 2. d4 d5 3. e5 c5 4. c3 g6 5. f4 Bg7 6. Nf3
Nc6 7. Bd3 cxd4 8. cxd4 Nh6 9. Be3 Nf5 10. Bf2 Qb6 11. Nc3 e6 12. Qd2 Bd7 13.
g4 Nfe7 14. Nb5 Nc8 15. h4 a6 16. Nc3 h5 17. f5 hxg4 18. fxe6 Bxe6 19. Ng5 N8e7
20. Nxe6 fxe6 21. O-O Bh6 22. Qe2 Nb4 23. Bb1 O-O-O 24. Qxg4 Nf5 25. a3 Nc6 26.
Bd3 Qc7 27. b4 Qe7 28. Kg2 Be3 29. Rh1 Rhf8 30. Bxf5 gxf5 31. Qd1 Rg8+ 32. Kf3
Bxf2 33. Kxf2 Rg4 34. b5 Rxd4 35. Qc1 Qc5 36. Ke2 Qc4+ 37. Ke1 Nxe5 38. Qe3
Nd3+ 39. Kd2 Nf4+ 0-1

[Event "71 Mistrzostwa KPZSZACH Torun 2018"]
[Site "?"]
[Date "2018.08.18"]
[Round "8"]
[White "Augustowski, Janusz"]
[Black "Czarkowski, Tomasz"]
[Result "1-0"]
[ECO "A93"]
[WhiteElo "1778"]
[BlackElo "1820"]
[PlyCount "83"]
[TimeControl "240+2"]

{600MB, Shredder10.ctg} 1. d4 e6 2. Nf3 Nf6 3. g3 d5 4. Bg2 Be7 5. O-O O-O 6.
c4 c6 7. b3 Nbd7 8. Qc2 Ne4 9. Bb2 f5 10. Ne5 Nxe5 11. dxe5 Bc5 12. e3 Qb6 13.
Nc3 Nxc3 14. Qxc3 Bd7 15. a3 Rac8 16. b4 Be7 17. c5 Qc7 18. f3 b6 19. cxb6 Qxb6
20. Qd2 c5 21. Bc3 cxb4 22. axb4 Bb5 23. Bd4 Qd8 24. Rfc1 a6 25. Bf1 Qd7 26.
Bxb5 Qxb5 27. Bc5 Bxc5 28. bxc5 Rxc5 29. Rxc5 Qxc5 30. Rxa6 Rb8 31. Rxe6 Rb1+
32. Kg2 Qb5 33. Kh3 Qf1+ 34. Qg2 Qc4 35. Rd6 g5 36. f4 Rd1 37. g4 Qd3 38. gxf5
Qxe3+ 39. Qg3 Qxf4 40. Qxf4 gxf4 41. e6 Re1 42. f6 1-0

[Event "71 Mistrzostwa KPZSZACH Torun 2018"]
[Site "?"]
[Date "2018.08.19"]
[Round "9"]
[White "Gawronski, Miroslaw"]
[Black "Cichocki, Konrad"]
[Result "1-0"]
[ECO "D02"]
[WhiteElo "2026"]
[BlackElo "1829"]
[PlyCount "101"]
[TimeControl "240+2"]

{600MB, Shredder10.ctg} 1. d4 d5 2. Nf3 Nf6 3. Bf4 e6 4. e3 c5 5. c3 Nc6 6.
Nbd2 Bd6 7. Bg5 h6 8. Bh4 O-O 9. Be2 cxd4 10. exd4 Rb8 11. a4 a6 12. Qb3 Na5
13. Qc2 b5 14. axb5 axb5 15. Ne5 Be7 16. b4 Nc4 17. Ndxc4 dxc4 18. Nc6 Qc7 19.
Nxb8 Qxb8 20. Bf3 Bb7 21. Bxf6 Bxf6 22. Bxb7 Qxb7 23. f4 Ra8 24. O-O Rxa1 25.
Rxa1 g6 26. Qe2 Kg7 27. Ra5 Qd5 28. Qf3 Qf5 29. g4 Qb1+ 30. Kg2 Qc2+ 31. Kg3 g5
32. fxg5 hxg5 33. Rxb5 Be7 34. Rb6 Qc1 35. Rc6 Qe1+ 36. Kh3 f5 37. gxf5 exf5
38. Qxf5 Qxc3+ 39. Kg2 Qd2+ 40. Kf3 Qd1+ 41. Ke4 Qh1+ 42. Qf3 Qb1+ 43. Kd5 Qxb4
44. h3 Qa5+ 45. Ke6 Bd8 46. Qf7+ Kh6 47. d5 c3 48. Qf8+ Kh7 49. Qf5+ Kg7 50.
Qe5+ Kg8 51. Kf5 1-0

[Event "71 Mistrzostwa KPZSZACH Torun 2018"]
[Site "?"]
[Date "2018.08.19"]
[Round "9"]
[White "Bartosik, Piotr"]
[Black "Zolnierowicz, Krzysztof"]
[Result "1/2-1/2"]
[ECO "B00"]
[WhiteElo "1899"]
[BlackElo "2023"]
[PlyCount "96"]
[TimeControl "240+2"]

{600MB, Shredder10.ctg} 1. e4 Nc6 2. d4 d5 3. e5 Bf5 4. c3 e6 5. f4 h5 6. Nf3
Be7 7. Be3 Nh6 8. h3 h4 9. Nbd2 Bg6 10. a4 Nb8 11. b4 a5 12. b5 Nd7 13. c4 dxc4
14. Nxc4 Nb6 15. Nxb6 cxb6 16. Rc1 Be4 17. Bd3 Bb4+ 18. Kf2 Bxd3 19. Qxd3 Nf5
20. Rhd1 Ne7 21. Ng5 Nd5 22. Kg1 Qd7 23. Bd2 Be7 24. Ne4 f5 25. exf6 gxf6 26.
Kh2 Kf7 27. Rg1 Rag8 28. g4 hxg3+ 29. Rxg3 Bb4 30. Bxb4 Nxb4 31. Qf3 Nd5 32.
Rxg8 Kxg8 33. Rg1+ Kf8 34. Nc3 Ne7 35. Qg4 Nf5 36. d5 exd5 37. Qg6 Qe6 38. Nxd5
Rh6 39. Nc7 Qe2+ 40. Rg2 Rxg6 41. Rxe2 Nh4 42. Ne6+ Kg8 43. Nd4 Kf7 44. f5 Rg5
45. Rf2 Ke7 46. Rf4 Ng2 47. Rf2 Nh4 48. Rf4 Ng2 1/2-1/2

[Event "71 Mistrzostwa KPZSZACH Torun 2018"]
[Site "?"]
[Date "2018.08.19"]
[Round "9"]
[White "Jarzebowski, Kacper"]
[Black "Szymanski, Jan"]
[Result "1-0"]
[ECO "C68"]
[WhiteElo "2057"]
[BlackElo "1708"]
[PlyCount "75"]
[TimeControl "240+2"]

{600MB, Shredder10.ctg} 1. e4 e5 2. Nf3 Nc6 3. Bb5 a6 4. Bxc6 dxc6 5. O-O Bd6
6. d4 exd4 7. Nxd4 Nf6 8. Nc3 O-O 9. h3 Re8 10. Qf3 h6 11. Be3 Qe7 12. Nf5 Bxf5
13. exf5 Ne4 14. Nxe4 Qxe4 15. Qxe4 Rxe4 16. Rfe1 Rae8 17. Bd2 Kf8 18. Kf1
Rxe1+ 19. Rxe1 Rxe1+ 20. Kxe1 Be5 21. b3 Ke7 22. f4 Bd6 23. Ke2 b5 24. Kf3 h5
25. Bc3 g6 26. Ke4 b4 27. Bd4 c5 28. Be5 gxf5+ 29. Kxf5 h4 30. Bf6+ Kd7 31.
Bxh4 c4 32. Bf6 cxb3 33. axb3 c5 34. h4 c4 35. h5 cxb3 36. cxb3 Bf8 37. g4 a5
38. g5 1-0

[Event "71 Mistrzostwa KPZSZACH Torun 2018"]
[Site "?"]
[Date "2018.08.19"]
[Round "9"]
[White "Kopaczewski, Adam"]
[Black "Blajet, Radoslaw"]
[Result "1-0"]
[ECO "C01"]
[WhiteElo "1980"]
[BlackElo "1708"]
[PlyCount "53"]
[TimeControl "240+2"]

{600MB, Shredder10.ctg} 1. e4 e6 2. d4 d5 3. Bd3 dxe4 4. Bxe4 Nf6 5. Bf3 Be7 6.
Ne2 O-O 7. O-O Na6 8. Bf4 c5 9. c3 Qb6 10. Qb3 Rd8 11. Bg3 Bd6 12. Bh4 Qc7 13.
h3 Rb8 14. Na3 b5 15. Nxb5 Qd7 16. a4 Nc7 17. dxc5 Bxc5 18. Qc4 Bb6 19. Bxf6
gxf6 20. Qg4+ Kh8 21. Qf4 Kg7 22. Ng3 Qe7 23. Nh5+ Kh8 24. a5 Bxa5 25. Nxa7
Bxc3 26. bxc3 Bd7 27. Qxc7 1-0

[Event "71 Mistrzostwa KPZSZACH Torun 2018"]
[Site "?"]
[Date "2018.08.19"]
[Round "9"]
[White "Wielosz, Jaroslaw"]
[Black "Ludwinski, Daniel"]
[Result "1/2-1/2"]
[ECO "D97"]
[WhiteElo "2025"]
[BlackElo "1814"]
[PlyCount "91"]
[TimeControl "240+2"]

{600MB, Shredder10.ctg} 1. d4 Nf6 2. c4 g6 3. Nc3 d5 4. Nf3 Bg7 5. Qb3 dxc4 6.
Qxc4 O-O 7. Bf4 c6 8. e4 Nbd7 9. Be2 Nb6 10. Qd3 Be6 11. b3 Rc8 12. O-O Bg4 13.
Rad1 e6 14. h3 Bxf3 15. Bxf3 Qe7 16. Bg5 Qb4 17. e5 Nfd5 18. Ne4 Nd7 19. Nd6
Rc7 20. Bxd5 cxd5 21. Be7 Nxe5 22. dxe5 Rxe7 23. f4 f6 24. exf6 Rxf6 25. Nb5
Rxf4 26. Rxf4 Qxf4 27. Rf1 Qb4 28. Rc1 Rf7 29. a4 Qf4 30. Rc8+ Rf8 31. Rxf8+
Qxf8 32. Qe3 Qf5 33. Qxa7 Qb1+ 34. Kf2 Qc2+ 35. Ke1 Qc1+ 36. Ke2 Qc2+ 37. Ke1
Bc3+ 38. Nxc3 Qxc3+ 39. Kf2 Qc2+ 40. Kg1 Qxb3 41. Qb8+ Kf7 42. Qc7+ Kf6 43.
Qf4+ Ke7 44. Qc7+ Kf6 45. Qf4+ Kg7 46. Qc7+ 1/2-1/2

[Event "71 Mistrzostwa KPZSZACH Torun 2018"]
[Site "?"]
[Date "2018.08.19"]
[Round "9"]
[White "Sivickis, Wiktoria"]
[Black "Augustowski, Janusz"]
[Result "1/2-1/2"]
[ECO "B33"]
[WhiteElo "1653"]
[BlackElo "1778"]
[PlyCount "62"]
[TimeControl "240+2"]

{600MB, Shredder10.ctg} 1. e4 c5 2. Nf3 Nc6 3. d4 cxd4 4. Nxd4 e5 5. Nb5 d6 6.
N1c3 a6 7. Na3 b5 8. Nd5 Nf6 9. Bg5 Be7 10. Bxf6 Bxf6 11. c3
Bg5 12. Nc2 Be6 13. Be2 O-O 14. O-O g6 15. a4 Rb8 16. axb5
axb5 17. Ra6 Qc8 18. Ndb4 Nxb4 19. Nxb4 Be7 20. Qa1 Bc4 21. Nc6 Rb7 22. Bxc4
bxc4 23. Nxe7+ Rxe7 24. Rxd6 Qb7 25. Rfd1 Qxe4 26. Qa5 Kg7 27. Qc5 Rb8 28. f3
Qf4 29. Rb6 Rxb6 30. Qxb6 Re6 31. Qc5 Re8 1/2-1/2

[Event "71 Mistrzostwa KPZSZACH Torun 2018"]
[Site "?"]
[Date "2018.08.19"]
[Round "9"]
[White "Czarkowski, Tomasz"]
[Black "Zielinski, Olgierd"]
[Result "0-1"]
[ECO "A48"]
[WhiteElo "1820"]
[BlackElo "1867"]
[PlyCount "100"]
[TimeControl "240+2"]

{600MB, Shredder10.ctg} 1. d4 Nf6 2. Nf3 g6 3. Bf4 Bg7 4. h3 d6 5. e3 O-O 6.
Be2 b6 7. O-O Bb7 8. Nbd2 c5 9. c3 Nbd7 10. Qb3 cxd4 11. exd4 Nd5 12. Bh2 Bh6
13. Rad1 Nf4 14. Bb5 Nf6 15. Rfe1 Bd5 16. Bc4 b5 17. Qxb5 Rb8
18. Qa4 Rxb2 19. Qxa7 Rb7 20. Qa6 Qc7 21. Ra1 Ra7 22. Qb5 Rb8 23. Rxe7 Qd8 24.
Rxa7 Rxb5 25. Bxb5 Qb8 26. c4 Bxf3 27. Re7 Nxh3+ 28. Kf1 Bxd2 29. gxf3 Bf4 30.
Bxf4 Nxf4 31. a4 Qc8 32. Ra3 Qh3+ 33. Ke1 Kf8 34. Rc7 Qh1+ 35. Kd2 Qf1 36. c5
Qxf2+ 37. Kc1 Qxd4 38. c6 N6d5 39. Rb7 Ne6 40. Rd3 Qc5+ 41. Kb2 Nd4 42. Rxd4
Qxd4+ 43. Kc2 Kg7 44. Rd7 h5 45. Kb1 Nc3+ 46. Kc2 Nxa4 47. c7 Qc5+ 48. Kd2 Nb6
49. Ba6 Qa5+ 50. Kd1 Qa4+ 0-1